[Event "Tata Steel Chess 2024"]
[Site "Wijk aan Zee, Netherlands"]
[Date "2024.01.15"]
[Round "3"]
[White "Maghsoodloo, Parham"]
[Black "Abdusattorov, Nodirbek"]
[Result "0-1"]
[Annotator "Rafael Leitao"]
[ECO "A22"]
[WhiteElo "2740"]
[BlackElo "2727"]
[PlyCount "68"]
[GameId "2129697246166588"]
[EventDate "2024.??.??"]
[TimeControl "40/6000+30:3000+30"]
[Link "https://www.chess.com/pt-BR/article/view/dez-melhores-partidas-xadrez-2024"]

1. c4 e5 2. Nc3 Nf6 3. Nf3 e4 $5 {Uma linha muito interessante que envolve um
sacrifício de peão. As posições resultantes são muito no estilo de
Abdusattorov.} 4. Ng5 c6 {As Negras simplesmente ignoram o peão atacado em e4 e
se preparam para jogar d7-d5.} 5. Qa4 $1 {Na minha opinião, essa é a melhor
resposta das Brancas. Joguei centenas de partidas online na Abertura Inglesa e
precisei estudar esse lance em uma tentativa desesperada de parar de ser
esmagado nessa linha.} (5. Ngxe4 Nxe4 6. Nxe4 d5 7. cxd5 cxd5 8. Ng3 h5 $1 {Esta é
a linha principal dessa variante do gambito. A posição das Negras é muito
agradável de jogar e o sacrifício tem uma boa justificativa posicional—o cavalo
em g3 logo será atacado. Os resultados têm sido excelentes para as Negras.})
5... Qe7 (5... b5 $5 {também é possível, continuando no mesmo espírito do
gambito.} 6. cxb5 d5 7. bxc6 Qb6 {com grandes complicações.}) 6. f3 {Encontrei
apenas uma partida de blitz com esse lance.} (6. Qc2 {é o lance que eu pretendia
fazer nas minhas partidas de blitz. As Brancas ainda ganham um peão, pois o
bispo em c8 está desprotegido, o que torna o lance d7-d5 menos atraente.} 6...
b5 $1 (6... d5 7. cxd5 Bf5 (7... cxd5 $2 8. Nxd5 $1 {Esta é a justificativa do jogo
das Brancas.} 8... Nxd5 9. Qxc8+) 8. d6 $1 Qxd6 9. Ngxe4 Nxe4 10. Nxe4 Qg6 11. f3 $1
(11. d3 Bxe4 12. dxe4 Bb4+ 13. Bd2 Bxd2+ 14. Qxd2 Qxe4) 11... Be7 {As Negras
ainda têm compensação, embora talvez menos do que estão acostumadas.}) 7. cxb5
d5 8. e3 {com uma luta complexa.}) 6... exf3 {Abdusattorov evidentemente não foi
pego de surpresa, já que continuou jogando rapidamente.} 7. Nxf3 g6 (7... d6
{foi jogado em Isajevsky-Harshavardhan, Chess.com blitz 2023.}) 8. d4 Bg7 9.
c5 $6 {Ideia certa, execução errada.} (9. Bf4 $1 O-O 10. c5 {é a ordem correta dos
lances, transpondo para a partida.}) 9... O-O $6 (9... b6 $1 {explora o lance
impreciso anterior das Brancas.} 10. cxb6 (10. Bf4 bxc5 11. dxc5 Qxc5 12. Ne4
Nxe4 13. Qxe4+ Qe7 14. Qxe7+ Kxe7 {As Negras estão bem.}) 10... d5 {com
excelente compensação.}) 10. Bf4 Na6 $5 {As Negras não devem se preocupar com
trivialidades como perder a qualidade.} (10... Re8 11. Bd6 {O bispo em d6 vale
mais do que uma torre.}) 11. Bd6 Qe3 $6 (11... Qe6 $1 {Por mais estranho que
pareça, o cavalo das Brancas está melhor em d1 do que em c3. Como isso pode ser $2
As Brancas precisam finalizar o desenvolvimento, e em d1 o cavalo apoia o lance
e2-e3.} 12. e4 $5 {Isso apresenta mais problemas práticos do que capturar a
torre.} (12. Bxf8 Bxf8 {Seguido pela ruptura da estrutura de peões, com boa
compensação.}) 12... Nxe4 13. Nxe4 Qxe4+ 14. Kf2 b5 $1 {O único lance. As Negras
precisam desesperadamente desenvolver o bispo de c8.} 15. Qd1 Bb7 16. Qd2 {com
jogo pouco claro.}) 12. Nd1 $1 {As Brancas não devem se preocupar em capturar a
torre, já que o bispo está desempenhando um papel muito mais importante.} 12...
Qe6 (12... Qe4 13. e3 $1 {As Brancas estão prontas para concluir o
desenvolvimento. O computador avalia a posição como ganha.}) 13. Nf2 $2 {Este
lance é errado porque não contribui realmente para o desenvolvimento das
Brancas.} (13. Bxf8 {é novamente impreciso:} 13... Bxf8 14. e3 b5 $1 {com alguma
compensação.}) (13. e3 $1 b5 {Caso contrário, as Negras estão simplesmente
perdidas.} 14. Qa3 Nd5 15. Bd3 $1 Nxe3 16. Kf2 Ng4+ 17. Kg3 {As Brancas preparam
Te1 e têm uma grande vantagem.}) 13... Re8 14. h4 $1 {Um lance estranho que também
é a primeira escolha da máquina. As Brancas preparam Th1-h3 e também apoiam um
lance do cavalo para g5.} 14... b6 15. Ng5 (15. Rh3 $5) (15. h5 $5 {Até esse lance
é interessante. A ideia é que, se as Negras capturarem o peão com o cavalo, as
Brancas podem jogar e2-e4.} 15... Nxh5 16. e4 $1 bxc5 17. dxc5 {e o computador
mostra algumas linhas impossíveis que terminam em igualdade.}) 15... Qf5 $2 (15...
Qe3 $2 16. Rh3 {ganha a dama.}) (15... Qd5 $1 {é forçado.} 16. O-O-O (16. e4 $2 Nxe4)
16... bxc5 (16... Qf5 {imediatamente também é possível.}) 17. dxc5 Qf5 $13 {Com
caos completo no tabuleiro.}) 16. g4 $1 Qd5 $6 (16... Nxg4 {é objetivamente melhor,
mas as coisas não estão boas para as Negras depois de} 17. Nxg4 Qxg4 18. Qb3)
17. O-O-O $1 bxc5 18. dxc5 Nxc5 19. Qc2 $2 {Isso não apenas desperdiça uma vitória,
mas coloca as Brancas em uma posição perdida. Outro problema é que o próximo
lance das Negras é absolutamente forçado, então elas não têm chance de errá-lo.}
(19. Qa3 $1 Qc4+ 20. Kb1 {A dama negras está prestes a ficar presa.} 20... Nfe4
(20... Nce4 21. e3 $1 {e a dama está perdida.}) 21. e3 $1 Qa4 22. Qxa4 Nxa4 23.
Ngxe4 {As Brancas estão com uma peça a mais e a vitória é fácil.}) 19... Qxa2 $1
{Agora o rei das Brancas está em grande perigo.} 20. Bxc5 Rb8 $6 (20... Nd5 $1 {é
mais limpo. A ameaça é Tb8 e as Brancas não conseguem defender.}) 21. b4 $1 (21.
Qb1 {é errado:} 21... Qa5 22. Bd6 Ba6 $1 23. Bxb8 Rxb8 {com um ataque devastador.
O bispo em g7 é famoso por caçar o rei das Brancas nesse tipo de posição.})
21... Qa3+ 22. Kd2 Nd5 $1 23. Rh3 Re3 $3 {O melhor lance da partida.} (23... Ne3 $2
{não funciona tão bem depois de} 24. Rxe3 Rxe3 25. b5 $1 {atacando a dama.}) 24.
Nfe4 (24. Nge4 Rxh3 25. Bxh3 Nxb4 {com um ataque forte.}) (24. Rxe3
{provavelmente dá melhores chances de fuga:} 24... Nxe3 25. Qd3 (25. Bxe3 $2 {leva
ao mate após} 25... Qxb4+ 26. Kd3 (26. Kc1 Bb2+) 26... Ba6+) 25... Qxd3+ 26.
Nxd3 Nxd1 27. Kxd1 a5 $1 {Um lance importante para abrir as colunas para a torre.}
28. Bd6 (28. bxa5 Rb1+ 29. Nc1 Ra1 {O peão em a5 será capturado de qualquer
maneira.}) 28... Ra8 29. bxa5 Rxa5 {Com a vantagem para as Negras neste final,
mas pelo menos não há ameaças de mate contra o rei.}) 24... Rxh3 25. Bxh3 (25.
Nxh3 Nxb4 {com uma iniciativa decisiva.}) 25... h6 $1 {Um lance forte antes de
capturar em b4.} (25... Nxb4 $2 26. Qc1 Qa5 27. Ke3 {A posição não está clara
neste caso. O ponto é que, depois de} 27... d5 (27... Nd5+ 28. Kf2) 28. Bxb4 $1
Qxb4 {as Brancas têm} 29. Qxc6 $1 {quando podemos ver o quão útil o cavalo está em
g5.}) 26. Nf3 $6 (26. Nxf7 $1 {é a melhor chance, mas as Brancas dificilmente
conseguirão salvar a partida depois de} 26... Qxh3 27. Nfd6 Ba6 $1 28. Qa2 Bxe2 $1
29. Kxe2 Qxg4+) 26... Nxb4 27. Qc1 Qa5 28. Ke3 d5 (28... Nd5+ {leva a uma bela
vitória depois de} 29. Kf2 Nc3 $3 30. Nxc3 Qxc5+) 29. Ned2 h5 $5 {Um lance
criativo que a maioria dos jogadores nem consideraria.} (29... Bb2 {também está
ganho:} 30. Qxb2 Qxc5+ 31. Nd4 Qe7+ 32. Kf3 c5 {com um ataque decisivo.}) 30.
Kf2 (30. gxh5 Bxh3) 30... hxg4 31. Nb3 Qc7 32. Qd2 gxf3 33. Bxc8 fxe2 34. Kxe2
Qxc8 {Uma partida divertida de dois lutadores implacáveis.} 0-1

[Event "Sharjah Masters 2024"]
[Site "Chess.com"]
[Date "2024.05.16"]
[Round "3"]
[White "Fedoseev, Vladimir"]
[Black "Salem, A.R. Saleh"]
[Result "0-1"]
[Annotator "Rafael Leitao"]
[ECO "E60"]
[WhiteElo "2701"]
[BlackElo "2629"]
[PlyCount "60"]
[GameId "2129696930577969"]
[EventDate "2024.??.??"]
[TimeControl "5400+30"]
[Link "https://www.chess.com/pt-BR/article/view/dez-melhores-partidas-xadrez-2024"]

1. d4 Nf6 2. c4 g6 3. h4 $5 {Fedoseev é um jogador criativo que costuma ser muito
bem-sucedido com seu jogo não convencional, que geralmente começa logo na
abertura. A ideia do lance das Brancas é óbvia: avançar o peão para h5 em algum
momento. Isso está correto $2 Claro que não. Neste ponto do jogo, é mais
importante desenvolver as peças e nem está claro quando h4-h5 é realmente
interessante e quando simplesmente perde um peão. O mais importante, no entanto,
e imagino que tenha sido jogado por essa razão, é que faz ambos os jogadores
começarem a pensar com suas próprias cabeças.} 3... d6 {Há muitas alternativas a
cada lance nesta abertura. Vou simplesmente mencionar algumas delas.} (3... Bg7)
(3... c5) (3... h5) 4. Nc3 Nbd7 {Desenvolvimento simples no estilo da Índia do
Rei.} 5. Qc2 {Uma novidade já no quinto lance. Eu realmente gosto de partidas
assim. Este é outro lance cuja ideia é basicamente deixar o bom senso de lado: é
difícil dizer por que isso pode ser melhor do que simplesmente jogar o peão para
e4.} (5. e4) 5... c5 6. d5 a6 {Salem não está escondendo sua intenção: ele quer
sacrificar um peão com b7-b5, uma ideia conhecida do Gambito Benko.
Naturalmente, há alternativas para esse plano.} (6... Ne5 {Um dos problemas com
o lance h4 é que o cavalo está relativamente seguro agora em e5, já que f2-f4
não será possível tão cedo. Com o peão em h3, o cavalo não estaria tão
confortável.}) (6... Bg7 {Desenvolvimento simples.}) (6... h5 {Só para o caso de
as Negras não quererem mais se preocupar com h4-h5.}) 7. e4 (7. a4 {é possível,
impedindo que o peão de b das Negras avance. Mas com os peões em a4 e h4, para
onde vai o rei das Brancas $2 Embora certamente não vá para a ala da dama após
b7-b5 também.} 7... Ne5) 7... b5 {Depois de dizer \"A\" você tem que dizer
\"B\".} 8. cxb5 Bg7 9. bxa6 {Este lance ajuda o contra-jogo das Negras. É mais
aconselhável desenvolver o cavalo para f3 e esperar que as Negras capturem em
b5.} (9. Nf3) 9... O-O (9... Qa5 {também é possível, com boa compensação depois
de} 10. Bd2 Bxa6) 10. h5 $6 {Fedoseev não consegue resistir a uma briga de rua.
Este lance provavelmente não é o melhor, mas dá a ele o tipo de jogo que ele
gosta.} (10. Nf3) 10... Nxh5 11. g4 Nhf6 12. g5 {Esse é o objetivo do
sacrifício. Se o cavalo for para h5, então as Brancas podem jogar Be2,
capturá-lo e iniciar um ataque. Se for para e8, as Brancas tentam dar mate pela
coluna h.} 12... Nh5 {O lance mais natural.} (12... Ne8 {é feio, mas não tão
ruim.} 13. f4 {Abrindo caminho para a dama.} 13... Bxa6 14. Bxa6 Rxa6 15. Nf3
{com compensação em uma posição de faca de dois gumes.} (15. Qh2 $6 {ainda não é
tão perigoso:} 15... h5 16. gxh6 Bxc3+ 17. bxc3 Ra4 {O rei das Negras está bem
seguro, ao contrário do das Brancas.})) 13. Be2 Bxa6 14. Bxh5 gxh5 15. f4 $1
{Necessário para evitar que o cavalo vá para e5 e preparar o lance Dh2.} (15.
Rxh5 $2 Ne5 {é claramente bom para as Negras.}) 15... e6 {Abrir o centro é uma boa
ideia, já que o rei das Brancas também não está seguro. Há outra maneira de
tentar esse plano:} (15... f5 $5 16. gxf6 (16. exf5 {é mais fraco:} 16... Qe8
{com a ideia de Df7 e uma boa posição para as Negras.} (16... Bxc3+ {primeiro
também é possível.})) 16... Rxf6 {Agora uma possível continuação é:} (16... Nxf6
{também é bom.}) 17. Rxh5 Qf8 18. Nf3 Rxf4 $5 19. Bxf4 Qxf4 {com excelente
compensação para as Negras com bispos poderosos cortando o tabuleiro.}) 16. Nge2
{Preparando Cg3 e talvez tomando o peão em h5 com o cavalo.} 16... Qe8 $5
{Mantendo um olho em h5 e o outro em e1.} 17. dxe6 fxe6 18. Ng3 Ne5 $5 {Um lance
fantástico: Salem também adora posições malucas e jogar com a iniciativa. Ambos
os jogadores provavelmente estavam muito felizes neste momento. Existem várias
alternativas, e esta posição pode ser analisada por horas.} (18... d5 19. Nxh5
{com jogo pouco claro.}) (18... Bd4 $5 19. Nxh5 Ne5 $5 {Uma ideia semelhante à da
partida.} 20. fxe5 Rf1+ (20... Qxh5 {também é possível:} 21. Rxh5 Rf1+ 22. Kd2
Rf2+ 23. Ne2 (23. Kd1 Rf1+ {é um empate.}) 23... Bxe2 24. Ke1 Bxh5 25. Qxf2
Bxf2+ 26. Kxf2 d5 27. exd5 exd5 {O final provavelmente terminará empatado.}) 21.
Rxf1 Qxh5 {As Negras estão com uma torre a menos, mas têm uma séria compensação.
De alguma forma, parece que as partida está equilibrada após} 22. Ne2) 19. fxe5
Bxe5 20. Qg2 {O único lance. As Brancas precisam proteger o cavalo, e capturar
em h5 perde de maneira bastante elegante.} (20. Nxh5 $2 Qxh5 $1 21. Rxh5 Rf1+ 22.
Kd2 Bf4# {Um belo xeque-mate.}) 20... Rb8 (20... Qg6 {é mais preciso, já que não
está claro se a torre deve ir para b8. Essa peça pode ter outros planos, como
pode ser visto na linha seguinte:} 21. Nxh5 Bd3 22. Ng3 Ra3 $3 {Isso é
simplesmente louco $1 A torre se prepara para capturar o cavalo em c3 e qualquer
coisa pode acontecer.}) 21. Nxh5 Qg6 22. Be3 d5 $2 {Isso é refutado pelo próximo
lance de Fedoseev.} (22... Bd3 {é melhor:} 23. O-O-O Bxc3 24. Rxd3 Rxb2 25. Bd2
Be5 {com boa compensação pela peça.}) 23. O-O-O $1 {Um lance muito importante que
ajuda a trazer outra torre para o ataque na ala do rei.} 23... d4 24. Rdg1 $2
{Como dizem: a ideia certa, mas a execução errada.} (24. Qh3 $3 {é o lance
correto, pelos motivos mostrados pelo computador.} 24... dxc3 (24... dxe3 {loses
after} 25. Nf6+ Bxf6 26. gxf6 {seguido por Tdg1.}) 25. b3 $1 {Isso impede o ataque
das Negras.} 25... Be2 $1 {A única chance: as Brancas estavam simplesmente
ameaçando Tdg1 e Cf6+.} 26. Nf6+ $1 Bxf6 27. gxf6 Bg4 $1 (27... Bxd1 {perde após}
28. Rg1) 28. Qh4 h5 29. Rdg1 {O rei das Brancas está mais seguro e sua posição
está muito melhor.}) 24... dxc3 $2 {A captura errada.} (24... dxe3 $1 {é correto:}
25. Nf6+ Rxf6 $1 {Só assim $1} (25... Bxf6 $2 {perde:} 26. gxf6 Qxg2 27. Rxg2+ Kf7 28.
e5 {com uma vantagem esmagadora.}) 26. gxf6 Qxg2 27. Rxg2+ Kf7 {As Negras têm
uma compensação adequada pela qualidade.}) 25. b3 $1 {As Brancas estão ganhas
agora, mas ainda é preciso um jogo cuidadoso.} 25... Bd3 26. Qh3 $2 {A partida
muda depois desse erro.} (26. Nf6+ $1 {é o caminho certo.} 26... Bxf6 (26... Rxf6
{não é suficiente agora:} 27. gxf6 Qxg2 28. Rxg2+ {with an easy win.}) 27. gxf6
Qxg2 28. Rxg2+ Kf7 29. e5 Rg8 30. Rxg8 Rxg8 31. Rd1 {As Negras não sobreviverão
a este final.}) 26... Rxb3 $3 {Um golpe decisivo.} 27. axb3 Ra8 28. Kd1 $2 {Isso
permite um mate forçado.} (28. Nf6+ {é a única chance:} 28... Bxf6 29. Qxe6+ Qf7
(29... Kh8 $2 {leva a um empate depois de} 30. Rxh7+ $1 Qxh7 31. Qxf6+ Kg8 32. Qe6+
Qf7 33. Qxf7+ Kxf7 34. Kd1) 30. gxf6+ ({Ou} 30. Qxf7+ Kxf7 31. Kd1 Bd4 $1 32. Bc1
(32. Bxd4 Ra1#) 32... Ra2 {com uma vantagem decisiva.}) 30... Kh8 $1 31. Qc8+ $1
(31. Qxf7 Ra1#) 31... Rxc8 32. Rg7 Qxg7 33. fxg7+ Kg8 $1 {O final deve estar ganho
para as Negras.} (33... Kxg7 34. Bf4 {não está claro})) 28... Qxh5+ $3 (28...
Ra1+ 29. Bc1 Qxh5+ $3 {também faz o trabalho.}) 29. Qxh5 Ra1+ 30. Bc1 Rxc1+
(30... Rxc1+ 31. Kxc1 Bf4+ 32. Kd1 c2+ 33. Ke1 c1=Q+ 34. Kf2 Qe3+ 35. Kg2 Qg3#)
0-1